AoeStats
← IdliDosa

Arena

508026746Analyzed
3v3 RM · 11d ago on Sep 20, 2026· 34m 37s· 6 players
Game mode
Random Map
Map size
Normal (6 player)
Population
200
Speed
Normal
Resources
Standard
Victory
Conquest
Starting age
Dark Age
Ending age
Imperial Age
RankedLock teamsTeams togetherTeam positionsShared explorationLock speedFull tech treeHidden civsTurbo modeCheats
Victory
Defeat
🇮🇳 Teutons · India
1233
+13
🇪🇸 Persians · Spain
1220
+13
🇨🇾 Japanese · Cyprus
1111
+19
🇮🇳 Poles · India
1184
-16
🇭🇷 Celts · Croatia
1162
-15
🇰🇿 Khmer · Kazakhstan
1132
-14
IdliDosa
11:35 Feudal Age
13:01 Double-Bit Axe
15:52 Castle Age
14:55 Horse Collar
17:15 Bow Saw
17:08 Heavy Plow
18:08 Loom
21:44 Scale Mail Armor
23:18 Chain Mail Armor
25:34 Gold Mining
26:15 Forging
26:54 Wheelbarrow
33:00 Imperial Age
32:01 Iron Casting
31:28 Stone Mining
32:29 Hand Cart
32:01 Town Watch
33:23 Squires
33:09 Arson
34:04 Conscription
34:15 Crenellations
33:36 Elite Teutonic Knight
35:23 Plate Mail Armor
Romans
10:38 Feudal Age
14:38 Castle Age
12:47 Double-Bit Axe
13:25 Loom
13:22 Horse Collar
15:34 Bow Saw
21:09 Heavy Plow
22:35 Gold Mining
25:13 Wheelbarrow
25:14 Scale Barding Armor
25:19 Forging
25:24 Husbandry
25:34 Bloodlines
28:18 Imperial Age
26:46 Chain Barding Armor
27:56 Iron Casting
28:03 Gold Shaft Mining
28:01 Cavalier
28:10 Heavy Camel Rider
30:14 Plate Barding Armor
30:47 Blast Furnace
30:27 Savar
fuita
2:28 Loom
11:58 Feudal Age
16:31 Castle Age
14:33 Gold Mining
14:44 Double-Bit Axe
16:24 Horse Collar
21:30 Forging
21:20 Scale Mail Armor
22:00 Bow Saw
23:37 Heavy Plow
25:01 Iron Casting
24:27 Scale Mail Armor
28:36 Squires
28:58 Arson
29:41 Chain Mail Armor
33:06 Imperial Age
32:36 Wheelbarrow
31:46 Town Watch
33:25 Pikeman
34:24 Hand Cart
35:02 Plate Mail Armor
35:32 Blast Furnace
34:34 Halberdier
The OG PinkMan
11:17 Feudal Age
15:03 Castle Age
12:50 Double-Bit Axe
17:12 Horse Collar
23:48 Wheelbarrow
23:27 Bow Saw
24:44 Heavy Plow
30:19 Imperial Age
28:06 Hand Cart
27:37 Loom
28:24 Scale Barding Armor
28:29 Forging
29:18 Szlachta Privileges
29:44 Chain Barding Armor
29:35 Gold Mining
29:58 Bloodlines
29:48 Husbandry
30:21 Husbandry
30:20 Cavalier
31:37 Iron Casting
31:32 Conscription
Brüno
11:06 Feudal Age
11:30 Horse Collar
15:02 Loom
17:44 Castle Age
15:53 Double-Bit Axe
17:29 Fletching
19:06 Heavy Plow
24:12 Bow Saw
27:04 Stronghold
29:39 Scale Mail Armor
32:18 Forging
32:34 Bodkin Arrow
33:37 Chain Mail Armor
34:10 Wheelbarrow
33:41 Gold Mining
DarkDaiver
10:49 Feudal Age
14:24 Castle Age
12:39 Double-Bit Axe
12:46 Horse Collar
15:22 Bow Saw
15:22 Heavy Plow
20:09 Gold Mining
21:07 Fortified Wall
22:18 Masonry
24:00 Stone Mining
24:48 Gold Shaft Mining
25:51 Wheelbarrow
25:03 Loom
25:32 Bloodlines
30:26 Imperial Age
28:14 Forging
28:48 Stone Shaft Mining
28:59 Scale Barding Armor
29:47 Iron Casting
29:47 Hand Cart
29:01 Light Cavalry
29:41 Husbandry
31:04 Ballistics
31:08 Chain Barding Armor
30:39 Fletching
30:56 Hussar
31:11 Cavalier
33:09 Chemistry
33:13 Blast Furnace
32:40 Conscription
Connection lost

Rejoining the realm…

Still unreachable

The connection could not be restored.

Session expired

The server has moved on; the page needs a fresh start.